 Seeded DCSS version 0.32-a0-422-g28b100f618 (webtiles) character file.

Game seed: 314159265662342 (custom seed)

14 shadowstone the Trooper (level 2, 0/24 HPs)
             Began as a Coglin Fighter on Feb 21, 2024.
             Succumbed to a goblin's poison
             ... on level 1 of the Dungeon.
             The game lasted 00:00:33 (365 turns).

shadowstone the Trooper (Coglin Fighter)             Turns: 365, Time: 00:00:33

Health: 0/24       AC:  6    Str: 16    XL:     2   Next: 41%
Magic:  2/2        EV:  8    Int:  7    God:
Gold:   20         SH:  4    Dex: 13    Spells: 1/1 levels left

rFire   . . .        a - +0 long sword {Narong}
rCold   . . .        c - +0 buckler
rNeg    . . .        b - +0 scale mail
rPois   .            (no helmet)
rElec   .            (no cloak)
rCorr   .            (no gloves)
SInv    .            (no boots)
Will    .....        (no amulet) Stlth
                     (no ring)
HPRegen 0.24/turn    (no ring)
MPRegen 0.08/turn

%: no passive effects
@: lethally poisoned (0 -> -7), revving
A: off-hand wielding, slow wielding, warmup strikes, legs shutdown
a: no special abilities


You were on level 1 of the Dungeon.
You visited 1 branch of the dungeon, and saw 1 of its levels.

You collected 20 gold pieces.

Inventory:

Hand Weapons
 a - a +0 long sword (weapon) {Narong}
Armour
 b - a +0 scale mail (worn)
 c - a +0 buckler (worn)
Scrolls
 e - a scroll of identify {unknown}
Potions
 d - a potion of might


   Skills:
 + Level 3.1 Fighting
 + Level 2.2 Long Blades
 + Level 2.8 Armour
 + Level 2.4 Shields


You had one spell level left.
You didn't know any spells.
Your spell library was empty.

Dungeon Overview and Level Annotations

Branches:
Dungeon (1/15)

Altars:


Innate Abilities, Weirdness & Mutations

You can wield a second weapon in your off-hand.
It takes a long time for you to wield or remove held weapons.
Your first few attacks do less damage.
Attacking and casting redirects power from your legs.


Message History

You are poisoned.
The kobold hits you but does no damage.
You hit the kobold.
You kill the kobold!
You feel very sick. The goblin hits you but does no damage.
You are more poisoned.
You block the goblin's attack.
You cannot move.
You closely miss the goblin.
You feel very sick. The goblin hits you but does no damage.
You are lethally poisoned!
You cannot move.
You hit the goblin.
You kill the goblin!
You feel very sick.
A hobgoblin comes into view.
You cannot move.
You cannot move.
You cannot move.
You cannot move.
There is a lethal amount of poison in your body!
There is a lethal amount of poison in your body!
There is a lethal amount of poison in your body!
There is a lethal amount of poison in your body!
There is a lethal amount of poison in your body!
There is a lethal amount of poison in your body!
There is a lethal amount of poison in your body!
You cannot move.
You swing at nothing.
You are no longer unable to travel.
* * * LOW HITPOINT WARNING * * *
You feel very sick.
The hobgoblin shouts!
You swing at nothing.
* * * LOW HITPOINT WARNING * * *
You feel very sick.
You swing at nothing.
You die...

.##.###.....#.
.............
............#
.....#......#
............#
............###
...g...........
####)@)......
#.....##..... #.....#
#.. #.....# #.....#
#.....###
#######.........
######....รท.##.......
.....#....).##........


You could see a hobgoblin.

Vanquished Creatures
  An endoplasm (D:1)
  A goblin (D:1)
  A hobgoblin (D:1)
  2 kobolds (D:1)
  2 quokkas (D:1)
7 creatures vanquished.

Notes
Turn   | Place    | Note
-------+----------+-------------------------------------------
     0 | D:1      | shadowstone the Coglin Fighter began the quest for the Orb.
     0 | D:1      | Reached XP level 1. HP: 18/18 MP: 1/1
    77 | D:1      | Reached XP level 2. HP: 12/24 MP: 2/2
   365 | D:1      | Succumbed to a goblin's poison

Illustrated notes

Levels and vault maps discovered:
D:1:      minmay_arrival_checkered_box, layout_basic, serial_shops,
          nicolae_shop_pleasant_corner_grove, nicolae_square_shop,
          nicolae_shop_real_fake_doors, nicolae_shop_just_a_little_nook, shop

Action                     || total
---------------------------++-------
  Melee: Long sword        ||    29
 Armour: Scale mail        ||    32
  Dodge: Dodged            ||    20
  Block: Buckler           ||    11

Table legend: (Time is in decaauts)
 A = Elapsed time spent in this place.
 B = Non-inter-level travel time spent in this place.
 C = Inter-level travel time spent in this place.
 D = Time resting spent in this place.
 E = Time spent auto-exploring this place.
 F = Levels seen in this place.
 G = Mean time per level.
                   A        B        C        D        E       F      G
               +--------+--------+--------+--------+--------+-----+--------+
         Total |    375 |    369 |      6 |    260 |     32 |   1 |  375.0 |
       Dungeon |    375 |    369 |      6 |    260 |     32 |   1 |  375.0 |
               +--------+--------+--------+--------+--------+-----+--------+

Top non-repeatable levels by time:
     D:1: 375 daAuts
